 Dungeon Crawl Stone Soup version 0.20-a0-939-g04f5055 (webtiles) character file.

189 Azzok the Chopper (level 6, -1/47 HPs)
             Began as a Formicid Fighter on Mar 30, 2017.
             Slain by Azzok's ghost (15 damage)
             ... on level 4 of the Dungeon.
             The game lasted 00:04:38 (2376 turns).

Azzok the Chopper (Formicid Fighter)                Turns: 2376, Time: 00:04:39

Health: -1/47      AC:  9    Str: 28    XL:     6   Next: 0%
Magic:  6/6        EV:  6    Int:  7    God:
Gold:   141        SH: 10    Dex: 10    Spells: 5/5 levels left

rFire    + . .     SeeInvis +   a - +0 war axe
rCold    . . .     Gourm    .   c - +0 shield
rNeg     . . .     Faith    .   l - +0 chain mail
rPois    .         Spirit   .   (helmet unavailable)
rElec    .         Reflect  .   (no cloak)
rCorr    .         Harm     .   (no gloves)
MR       .....                  (no boots)
Stlth    ..........             o - amulet of inaccuracy (curse)
Regen    0.2/turn               m - ring of protection from fire
MPRegen  0.1/turn               (no ring)

@: mighty
A: permanent stasis, dig shafts and tunnels, four strong arms, antennae 3
a: Dig, Shaft Self


You were on level 4 of the Dungeon.
You were not hungry.

You visited 1 branch of the dungeon, and saw 4 of its levels.

You collected 141 gold pieces.

Inventory:

Hand Weapons
 a - a +0 war axe (weapon)
Armour
 c - a +0 shield (worn)
 l - a +0 chain mail (worn)
Jewellery
 m - a ring of protection from fire (left hand)
 o - a cursed amulet of inaccuracy (around neck)
Potions
 e - 3 potions of flight {unknown}
 h - 3 potions of curing {unknown}
 j - a potion of cancellation {unknown}
 n - a potion of invisibility {unknown}
Comestibles
 b - a royal jelly
 f - 3 bread rations
 i - 4 meat rations
 k - 3 chunks of flesh


   Skills:
 - Level 3.2 Fighting
 * Level 5.7 Axes
 - Level 3.2 Armour
 - Level 3.6 Shields


You had 5 spell levels left.
You didn't know any spells.

Dungeon Overview and Level Annotations

Branches:
Dungeon (4/15)
 Temple: D:4-7

Altars:
Qazlal
Xom

Annotations:
D:4 Azzok's ghost, amateur HOFi


Innate Abilities, Weirdness & Mutations

You cannot be hasted, slowed, berserked, paralysed or teleported.
You can dig through walls and to a lower floor.
Your four strong arms can wield two-handed weapons with a shield.
You have a pair of large antennae on your head. (SInv)


Message History

Azzok's ghost is heavily damaged.
Azzok's ghost barely misses you.
You barely miss Azzok's ghost.
Azzok's ghost is heavily damaged.
Azzok's ghost barely misses you.
You completely miss Azzok's ghost.
Azzok's ghost is heavily damaged.
Azzok's ghost barely misses you.
You hit Azzok's ghost but do no damage.
Azzok's ghost is moderately damaged.
Azzok's ghost hits you but does no damage.
Azzok's ghost hits you!
* * * LOW HITPOINT WARNING * * *
You slash Azzok's ghost!
Azzok's ghost is heavily damaged.
You block Azzok's ghost's attack.
You slash Azzok's ghost!
Azzok's ghost is almost destroyed.
Azzok's ghost hits you!
You die...

▒▒▒▒▒▒▒ ▒··(··▒
▒▒▒▒▒·····▒▒▒▒
{·············▒▒▒▒
▒▒▒▒·············
▒······▒▒·····
▒·▒▒W▒▒▒ ▒·▒▒
▒·▒▒@▒ ▒ ▒▒·▒▒·▒
▒▒▒▒···▒·▒
▒···<▒···▒
▒·▒▒·▒·▒·▒ ▒
··▒····▒
▒▒▒▒▒▒▒··· ·▒▒▒ ▒▒


You could see Azzok's ghost.

Vanquished Creatures
  An orc wizard (D:3)
  Natasha (twice) (D:2)
  5 adders
  2 dart slugs (D:1)
  3 leopard geckos
  4 orcs (D:3)
  5 bats
  4 giant cockroaches
  9 goblins
  5 hobgoblins
  3 jackals (D:1)
  7 kobolds
  5 frilled lizards
  5 rats
60 creatures vanquished.

Notes
Turn   | Place    | Note
-------+----------+-------------------------------------------
     0 | D:1      | Azzok the Formicid Fighter began the quest for the Orb.
     0 | D:1      | Reached XP level 1. HP: 18/18 MP: 1/1
    57 | D:1      | Reached XP level 2. HP: 24/24 MP: 2/2
   119 | D:1      | Reached skill level 3 in Axes
   212 | D:1      | Reached XP level 3. HP: 21/29 MP: 3/3
   758 | D:2      | Found a shimmering altar of Xom.
   777 | D:2      | Found a stormy altar of Qazlal.
   919 | D:2      | Noticed Natasha
   928 | D:2      | Killed Natasha
   928 | D:2      | Reached skill level 4 in Axes
   928 | D:2      | Reached XP level 4. HP: 26/35 MP: 4/4
  1257 | D:2      | Noticed Natasha
  1262 | D:2      | Killed Natasha
  1262 | D:2      | Reached XP level 5. HP: 41/41 MP: 5/5
  1533 | D:3      | Reached skill level 5 in Axes
  2304 | D:3      | Reached XP level 6. HP: 43/47 MP: 6/6
  2360 | D:4      | Noticed Azzok's ghost (amateur HOFi)
  2376 | D:4      | Slain by Azzok's ghost

Vault maps used:
D:1:      mrwooster_arrival_statue_3
D:2:      grunt_qazlal_sundering, lemuel_crystal_altar,
          hangedman_decor_clover_reticule, hex_medium, uniq_natasha
D:3:      first_bread
D:4:      gammafunk_temple_overflow_forgotten, nicolae_overflow_hidden_temple,
          uniq_menkaure

Skill      XL: |  1  2  3  4  5 |
---------------+----------------+-----
Axes           | 3 4 5 |  5.7
Fighting       | |  3.2
Armour         | |  3.2
Shields        | |  3.6

Action                   |  1- 3 |  4- 6 || total
-------------------------+-------+-------++-------
Melee: War axe           |   109 |   124 ||   233
  Use: Scroll            |       |     4 ||     4
       Potion            |       |     1 ||     1
  Eat: Chunk             |       |     5 ||     5
Armor: Scale mail        |    48 |       ||    48
       Chain mail        |    14 |    53 ||    67
Dodge: Dodged            |    33 |    25 ||    58
Block: Shield            |    74 |    79 ||   153
